 Dungeon Crawl Stone Soup version 0.28.0-47-ge53b351184 (webtiles) character file.

Game seed: 16694940756277811847

77 101zpm the Magician (level 4, 0/31 HPs)
             Began as a Djinni Ice Elementalist on Apr 26, 2022.
             Slain by an ogre
             ... wielding a +0 giant club
              (23 damage)
             ... on level 3 of the Dungeon.
             The game lasted 00:04:36 (2810 turns).

101zpm the Magician (Djinni Ice Elementalist)       Turns: 2810, Time: 00:04:37

Health: 0/31       AC:  2    Str:  7    XL:     4   Next: 60%
Gold:   61         EV: 12    Int: 19    God:
                   SH:  0    Dex: 13

rFire   + + .      SeeInvis .   (no weapon)
rCold   x . .      Faith    .   (no shield)
rNeg    . . .      Spirit   .   a - +0 robe
rPois   ∞          Reflect  .   (no helmet)
rElec   .          Harm     .   (no cloak)
rCorr   .          Rampage  .   (no gloves)
Will    .....                   (boots unavailable)
Stlth   ++........              (no amulet)
HPRegen 0.10/turn               (no ring)
MPRegen 0.00/turn               (no ring)

@: flying
A: sickness immunity, fire resistance 2, cold vulnerability 1, float, innate
caster, HP casting, extra vitality 1
a: no special abilities


You were on level 3 of the Dungeon.
You visited 1 branch of the dungeon, and saw 3 of its levels.

You collected 61 gold pieces.

Inventory:

Armour
 a - a +0 robe (worn)
Scrolls
 b - a scroll of magic mapping {unknown}
 e - a scroll of blinking {unknown}
 i - a scroll of identify {unknown}
Potions
 c - 2 potions of degeneration {unknown}
 d - a potion of might {unknown}
 f - 2 potions of curing {unknown}
 g - a potion of mutation {unknown}
 h - 2 potions of invisibility {unknown}


   Skills:
 + Level 2.6 Dodging
 + Level 1.7 Stealth
 + Level 4.3 Spellcasting


You couldn't memorise any spells.
You knew the following spells:

 Your Spells              Type           Power      Damage    Failure   Level
a - Freeze                Ice            80%        1d9       2%          1
b - Frozen Ramparts       Ice            40%        1d6       7%          3
c - Ozocubu's Armour      Ice            20%        N/A       7%          3
d - Hailstorm             Conj/Ice       20%        3d6       22%         4
e - Apportation           Tloc           40%        N/A       2%          1
Your spell library was empty.

Dungeon Overview and Level Annotations

Branches:
Dungeon (3/15)

Altars:


Innate Abilities, Weirdness & Mutations

You are immune to sickness and miasma.
You are immune to poison.
Your flesh is very heat resistant. (rF++)
You are vulnerable to cold. (rC-)
You float through the air rather than walking.
You learn spells naturally, not from books.
Your magical power is your life essence.
You have superior vitality. (+4 MHP)


Message History

You reach down and open the door.
A hobgoblin and an ogre come into view.
Casting: Freeze (safe; 2% risk of failure)
Confirm with . or Enter, or press ? or * to list all spells.
Okay, then.
Casting: Freeze (safe; 2% risk of failure)
Confirm with . or Enter, or press ? or * to list all spells.
The spell is quite dangerous to miscast (7% risk of failure)!
Continue anyway?
Casting: Frozen Ramparts (quite dangerous; 7% risk of failure)
Press: ? - help, Dir - look around, f - activate The walls around you are covered in ice.
Casting: Frozen Ramparts (quite dangerous; 7% risk of failure)
Confirm with . or Enter, or press ? or * to list all spells.
The spell is quite dangerous to miscast (7% risk of failure)!
Continue anyway? [Y]es or [N]o only, please.
The spell is quite dangerous to miscast (7% risk of failure)!
Continue anyway? [Y]es or [N]o only, please.
The spell is quite dangerous to miscast (7% risk of failure)!
Continue anyway?
Okay, then.
Casting: Ozocubu's Armour (quite dangerous; 7% risk of failure)
Confirm with . or Enter, or press ? or * to list all spells.
Aiming: Apportation (safe; 2% risk of failure)
Press: ? - help, Dir - move target, f - ogre You don't see anything to apport there.
The wall freezes the ogre.
Casting: Apportation (safe; 2% risk of failure)
Confirm with . or Enter, or press ? or * to list all spells.
The spell is extremely dangerous to miscast (22% risk of failure)!
Continue anyway?
Casting: Hailstorm (extremely dangerous; 22% risk of failure)
Press: ? - help, Dir - look around, f - activate A cannonade of hail descends around you!
The hail pelts the ogre!
The ogre is heavily wounded.
The wall freezes the ogre.
You freeze the ogre.
The ogre is almost dead.
The frozen ramparts melt away.
The ogre hits you with a +0 giant club!!
Ouch! That really hurt!
You die...

.####....#.^.......#.........####
.# #....#.####.##.#.........# .#
#....#.####..#.#.........# .#
####+#.......#.##+######## .#
#....#####.#.# .# #..).#####.#.#
## #....+.....#.# #....#####.#..
#....# #@## #....# #O.# #....#
##'# ###### ... ..... .......
......... ...........
#........g...


You could see an ogre.

Vanquished Creatures
  Robin (D:2)
  2 adders
  5 ball pythons
  3 bats
  6 endoplasms
  A giant cockroach (D:1)
  10 goblins
  7 hobgoblins
  A quokka (D:2)
  2 frilled lizards
  5 kobolds
  2 rats (D:1)
45 creatures vanquished.

Notes
Turn   | Place    | Note
-------+----------+-------------------------------------------
     0 | D:1      | 101zpm the Djinni Ice Elementalist began the quest for the
                  | Orb.
     0 | D:1      | Reached XP level 1. HP: 15/15 MP: 0/0
   364 | D:1      | Reached XP level 2. HP: 11/21 MP: 0/0
   957 | D:1      | Reached XP level 3. HP: 23/25 MP: 0/0
   957 | D:1      | Learned a level 1 spell: Apportation
  1275 | D:2      | Found a faded altar of an unknown god.
  1437 | D:2      | Reached skill level 4 in Spellcasting
  1602 | D:2      | Noticed Robin
  1613 | D:2      | Killed Robin
  1616 | D:2      | Reached XP level 4. HP: 20/31 MP: 0/0
  2802 | D:3      | Noticed an ogre
  2810 | D:3      | Slain by an ogre

Illustrated notes

Levels and vault maps discovered:
D:1:      minmay_arrival_loop, layout_basic, hex_medium
D:2:      layout_basic, ebering_ecumenical_altar_box, minmay_pentomino_p2,
          uniq_robin
D:3:      layout_basic, serial_shops, nicolae_shop_behind_doors,
          nicolae_shop_waterfront, uniq_terence

Skill      XL: |  1  2  3 |
---------------+----------+-----
Spellcasting   | 4 |  4.3
Dodging        | |  2.6
Stealth        | |  1.7

Action                   |  1- 3 |  4- 6 || total
-------------------------+-------+-------++-------
Melee: Unarmed           |     4 |       ||     4
 Cast: Freeze            |    45 |    30 ||    75
       Hailstorm         |       |     1 ||     1
       Frozen Ramparts   |       |     1 ||     1
Armor: Robe              |    16 |       ||    16
Dodge: Dodged            |    16 |    12 ||    28
